 Dungeon Crawl Stone Soup version 0.22-a0-525-gf69a080 (webtiles) character file.

26283 Amnesiac the Thaumaturge (level 12, -15/51 HPs)
             Began as a Spriggan Earth Elementalist on June 21, 2018.
             Was the Champion of Dithmenos.
             Demolished by an orc warrior
             ... wielding a +0 halberd
              (22 damage)
             ... on level 1 of the Orcish Mines.
             The game lasted 00:37:56 (11654 turns).

Amnesiac the Thaumaturge (SpEE)                    Turns: 11654, Time: 00:37:57

Health: -15/51     AC:  6    Str:  4    XL:     12   Next: 97%
Magic:  19/31      EV: 18    Int: 25    God:    Dithmenos [******]
Gold:   874        SH:  0    Dex: 17    Spells: 17/40 levels left

rFire    . . .     SeeInvis +   a - +2 dagger (drain)
rCold    + + .     Gourm    .   (shield restricted)
rNeg     . . .     Faith    .   L - +0 steam dragon scales
rPois    .         Spirit   .   (helmet restricted)
rElec    .         Reflect  .   k - +0 cloak
rCorr    .         Harm     .   (gloves unavailable)
MR       ++...                  (boots unavailable)
Stlth    ++++++++..             c - amulet of magic regeneration
HPRegen  0.17/turn              A - ring of protection from cold
MPRegen  0.47/turn              P - +4 ring of intelligence

@: wreathed by umbra, studying Throwing, very quick
A: very small, unfitting armour, see invisible, cold resistance 1, herbivore,
speed 3, slow metabolism 2
a: Shadow Step, Shadow Form, Renounce Religion


You were on level 1 of the Orcish Mines.
You worshipped Dithmenos.
Dithmenos was exalted by your worship.
You were not hungry.

You visited 3 branches of the dungeon, and saw 14 of its levels.
You also visited: Labyrinth and Ossuary.

You collected 925 gold pieces.
You spent 51 gold pieces at shops.

Inventory:

Hand Weapons
 a - a +2 dagger of draining (weapon)
 b - a +2 dagger of flaming
 Q - a +0 blowgun
Missiles
 h - 215 stones (quivered)
 G - 3 throwing nets
Armour
 k - a +0 cloak (worn)
 o - a +1 robe of fire resistance
 L - +0 steam dragon scales (worn)
Jewellery
 c - an amulet of magic regeneration (around neck)
 A - a ring of protection from cold (left hand)
 F - an uncursed ring of protection from fire
 P - a +4 ring of intelligence (right hand)
Wands
 w - a wand of iceblast (21)
 x - a wand of digging (11)
 H - a wand of disintegration (56)
 M - a wand of flame (35)
 N - a wand of random effects (45)
Scrolls
 e - a scroll of fear {!r}
 g - a scroll of silence {!r}
 j - 3 scrolls of remove curse {!r}
 q - 3 scrolls of identify {!r}
 v - 2 scrolls of blinking {!r}
 y - a scroll of amnesia {!r}
 z - 4 scrolls of teleportation {!r}
 B - 5 scrolls of enchant armour {!r}
 J - a scroll of fog {!r}
Potions
 f - 2 potions of resistance {!q}
 i - a potion of heal wounds {!q}
 l - a potion of invisibility {!q}
 m - 4 potions of agility {!q}
 n - 3 potions of lignification {!q}
 p - a potion of ambrosia {!q, unknown}
 r - a potion of cancellation {!q}
 s - 4 potions of curing {!q}
 t - a potion of berserk rage {!q}
 u - 3 potions of brilliance {!q}
 C - 2 potions of magic {!q}
 D - a potion of might {!q}
 I - a potion of haste {!q}
 K - a potion of flight {!q}
Books
 O - a manual of Throwing
Miscellaneous
 E - a crystal ball of energy
 R - a box of beasts
Comestibles
 d - 9 rations


   Skills:
 - Level 10.0 Short Blades
 - Level 3.0 Dodging
 - Level 10.1 Stealth
 + Level 14.7 Spellcasting
 - Level 11.1 Transmutations
 - Level 11.1 Earth Magic


You had 17 spell levels left.
You knew the following spells:

 Your Spells              Type           Power        Failure   Level  Hunger
a - Sandblast             Erth           ######       1%          1    None
b - Passwall              Tmut/Erth      ######..     1%          2    None
c - Stone Arrow           Conj/Erth      #####.       1%          3    None
d - Lee's Rapid Deconstr  Erth           ######....   1%          5    ##.....
e - Petrify               Tmut/Erth      ######..     1%          4    None
f - Irradiate             Conj/Tmut      #####.....   9%          5    ##.....
v - Blink                 Tloc           N/A          4%          2    None
z - Confusing Touch       Hex            ###...       3%          1    None

Your spell library contained the following spells:

 Spells                   Type           Power        Failure   Level  Hunger
 Magic Dart               Conj           ###.         3%          1    None
 Conjure Flame            Conj/Fire      ###.....     9%          3    None
 Slow                     Hex            ###.....     4%          2    None
 Confuse                  Hex            ###.....     9%          3    None
 Mephitic Cloud           Conj/Pois/Air  ###.....     9%          3    None
 Venom Bolt               Conj/Pois      ###.......   63%         5    ##.....
 Olgreb's Toxic Radiance  Pois           ###.....     30%         4    None
 Call Imp                 Summ           ###.....     4%          2    None
 Regeneration             Chrm/Necr      ###.......   9%          3    None
 Sting                    Conj/Pois      ###.         3%          1    None
 Sublimation of Blood     Necr           ###.......   4%          2    None
 Tukima's Dance           Hex            ###.....     9%          3    None
 Ignite Poison            Fire/Tmut/Pois #####...     1%          3    None
 Ensorcelled Hibernation  Hex/Ice        ###...       4%          2    None
 Metabolic Englaciation   Hex/Ice        ###.......   63%         5    ##.....
 Corona                   Hex            ###....      3%          1    None
 Alistair's Intoxication  Tmut/Pois      #####...     9%          5    ##.....
 Shroud of Golubria       Chrm/Tloc      ###.......   4%          2    None
 Dazzling Spray           Conj/Hex       ###...       9%          3    None
 Infusion                 Chrm           ###.         3%          1    None
 Song of Slaying          Chrm           ###.....     4%          2    None
 Spectral Weapon          Hex/Chrm       ###.....     9%          3    None
 Gell's Gravitas          Tloc           ###.......   9%          3    None
 Yara's Violent Unravell  Hex/Tmut       #####.....   9%          5    ##.....
 Poisonous Vapours        Pois/Air       ###...       4%          2    None


Dungeon Overview and Level Annotations

Branches:
Dungeon (12/15)            Temple (1/1) D:5            Lair (0/6) D:8
    Orc (1/2) D:12

Altars:
Ashenzari
Cheibriados
Dithmenos
Elyvilon
Fedhas
Gozag
Hepliaklqana
Kikubaaqudgha
Makhleb
Nemelex Xobeh
Okawaru
Qazlal
Ru
Sif Muna
Trog
Uskayaw
Vehumet
Wu Jian
Xom
Yredelemnul
Zin
The Shining One

Shops:
D:5 *   D:8 (   D:12 !


Innate Abilities, Weirdness & Mutations

You are very small and have problems with some larger weapons.
You are too small for most types of armour.
You have supernaturally acute eyesight. (SInv)
You are a herbivore.
You cover ground extremely quickly.
You need to consume almost no food.
Your flesh is cold resistant. (rC+)


Message History

Unknown command.
There is an open door here.
Things that are here:
a short sword; a chain mail; an orc corpse
Casting: Petrify (safe; 1% risk of failure)
Confirm with . or Enter, or press ? or * to list all spells.
Aiming: Petrify (safe; 1% risk of failure)
Press: ? - help, Shift-Dir - straight line, f - orc warrior
Aim: an orc warrior, wielding a short sword and wearing a plate armour (umbra, chance to defeat MR: 78%)
The orc warrior is moving more slowly.
Unknown command.
You hit the orc warrior. You drain the orc warrior!
The orc warrior is lightly wounded.
You hit the orc warrior but do no damage.
The orc warrior is lightly wounded.
The orc warrior stops moving altogether!
The helpless orc warrior fails to defend itself.
You perforate the orc warrior like a sieve!!!!
You kill the orc warrior!
Dithmenos accepts your kill.
The ogre hits you with a giant spiked club!!
* * * LOW HITPOINT WARNING * * *
You emit a cloud of dark smoke.
You see here 2 tomahawks.
You see here a tomahawk.
Casting: Petrify (safe; 1% risk of failure)
Confirm with . or Enter, or press ? or * to list all spells.
Aiming: Petrify (safe; 1% risk of failure)
Press: ? - help, Shift-Dir - straight line, f - ogre
Aim: an ogre, wielding a giant spiked club (umbra, chance to defeat MR: 78%)
The ogre is moving more slowly.
Your shadow mimicks your spell!
The ogre resists with significant effort.
Casting: Petrify (safe; 1% risk of failure)
Confirm with . or Enter, or press ? or * to list all spells.
Aiming: Lee's Rapid Deconstruction (safe; 1% risk of failure)
Press: ? - help, Dir - move target cursor, f/p - ogre Fragment what (e.g. wall or brittle monster)?: an ogre, wielding a giant spiked club (slowly petrifying, umbra)
The ogre shatters!
The ogre is severely wounded.
The blast of petrified fragments hits the orc warrior.
The orc warrior is heavily wounded.
The blast of petrified fragments hits the orc warrior.
The orc warrior is almost dead.
Unknown command.
Unknown command.
The orc warrior hits you from afar with a halberd!!
* * * LOW HITPOINT WARNING * * *
You emit a cloud of dark smoke.
You see here a tomahawk.
Unknown command.
Casting: Lee's Rapid Deconstruction (safe; 1% risk of failure)
Confirm with . or Enter, or press ? or * to list all spells.
Aiming: Lee's Rapid Deconstruction (safe; 1% risk of failure)
Press: ? - help, Dir - move target cursor, f/p - ogre Fragment what (e.g. wall or brittle monster)?: an ogre, wielding a giant spiked club (black smoke, severely wounded, slowly petrifying, umbra)
The ogre shatters!
You blow up the ogre!
Dithmenos accepts your kill. x2
You feel a bit more experienced.
The blast of petrified fragments hits the orc warrior.
The orc warrior is severely wounded.
The orc warrior hits you from afar with a halberd!!
You die...

............#
............#
............#
#.....%....#
#........#
####...###
##'##
##..(###
#....@.#
#.%.)§.#
#..).o§#
##§...o§#
#§§§....#
##§§)..).#
#§§§.(...#
##########


You could see an orc warrior.

Vanquished Creatures
  Frances (D:12)
  A minotaur (Lab)
  Snorg (D:10)
  2 hydras (D:9)
  3 two-headed ogres
  A deep elf knight (D:9)
  2 unseen horrors
  A glowing orange brain (D:9)
  An orc knight (Orc:1)
  A deep elf mage (D:11)
  2 cyclopes (D:11)
  An orc sorcerer (Orc:1)
  Joseph (D:7)
  Maurice (D:11)
  A centaur skeleton (D:10)
  2 kobold demonologists (D:12)
  The ghost of seren the Ruffian, an amateur OgTm of Uskayaw (D:4)
  A queen bee (shapeshifter) (D:9)
  5 hippogriffs
  5 slime creatures
  2 wyverns
  18 yaks
  A steam dragon (D:8)
  A basilisk (D:12)
  2 hungry ghosts (D:11)
  Menkaure (D:7)
  A soldier ant (D:11)
  A porcupine (D:8)
  14 orc warriors
  3 sky beasts
  5 ice beasts
  4 black bears
  2 phantoms
  A necrophage (D:10)
  An eye of draining (D:11)
  8 ogres
  10 centaurs
  A crocodile (D:9)
  5 big kobolds
  9 bullfrogs
  4 water moccasin zombies (Ossuary)
  A wyvern skeleton (D:8)
  2 scorpions
  3 wights (D:11)
  11 killer bees
  A howler monkey (D:5)
  3 crimson imps
  3 quasits
  A bullfrog zombie (D:8)
  A centaur zombie (D:8)
  5 hounds
  18 orc wizards
  10 orc priests
  4 bullfrog skeletons
  A gnoll shaman (D:6)
  An iron imp (D:5)
  8 jellies
  Jessica (D:2)
  7 worker ants
  3 big kobold zombies (Ossuary)
  3 hound zombies
  2 hound skeletons
  2 mummies (Ossuary)
  A howler monkey zombie (D:10)
  2 worker ant zombies
  Robin (D:3)
  4 gnolls (D:6)
  13 adders
  A shadow imp (D:10)
  6 oozes
  4 adder skeletons
  4 adder zombies (Ossuary)
  A worm (D:2)
  2 dart slugs
  5 leopard geckos
  42 orcs
  5 giant cockroaches
  15 goblins
  8 hobgoblins
  9 jackals
  3 quokkas
  3 ball pythons
  7 bats
  3 frilled lizards
  5 gnoll zombies (Ossuary)
  4 hobgoblin zombies (Ossuary)
  27 kobolds
  2 kobold zombies (Ossuary)
  9 orc zombies (Ossuary)
  10 rats
415 creatures vanquished.

Vanquished Creatures (others)
  10 toadstools (D:5)
10 creatures vanquished.

Grand Total: 425 creatures vanquished

Notes
Turn   | Place    | Note
-------+----------+-------------------------------------------
     0 | D:1      | Amnesiac the Spriggan Earth Elementalist began the quest for the Orb.
     0 | D:1      | Reached XP level 1. HP: 9/9 MP: 5/5
   139 | D:3      | Found an ornate altar of the Wu Jian Council.
   147 | D:4      | Noticed a worker ant
   264 | D:4      | Noticed a yak
   265 | D:4      | Noticed a yak
   265 | D:4      | Noticed a yak
   268 | D:4      | Reached skill level 3 in Spellcasting
   268 | D:4      | Reached XP level 2. HP: 13/13 MP: 4/7
   268 | D:4      | Noticed a yak
   275 | D:4      | Noticed a yak
   415 | D:3      | Reached XP level 3. HP: 16/16 MP: 4/8
   517 | D:3      | Found a shadowy altar of Dithmenos.
   520 | D:3      | Found a hide-covered altar of Uskayaw.
   520 | D:3      | Found a glowing silver altar of Zin.
   522 | D:3      | Noticed a bullfrog
   523 | D:3      | Found an ancient bone altar of Kikubaaqudgha.
   525 | D:3      | Became a worshipper of Dithmenos the Shadowed
   553 | D:3      | Killed a bullfrog
   553 | D:3      | Reached skill level 4 in Spellcasting
   553 | D:3      | Reached XP level 4. HP: 5/21 MP: 7/11
   889 | D:1      | Reached * piety under Dithmenos
  1516 | D:2      | Reached XP level 5. HP: 22/24 MP: 12/12
  1522 | D:2      | Learned a level 2 spell: Passwall
  1527 | D:2      | Learned a level 4 spell: Petrify
  1533 | D:2      | Learned a level 5 spell: Lee's Rapid Deconstruction
  1737 | D:2      | Noticed Jessica
  1739 | D:2      | Killed Jessica
  1739 | D:2      | Reached skill level 1 in Short Blades
  2009 | D:3      | Noticed Robin
  2203 | D:2      | Reached ** piety under Dithmenos
  2220 | D:3      | Killed Robin
  2517 | D:3      | Found a sparkling altar of Nemelex Xobeh.
  2884 | D:4      | Found a runed door.
  2884 | D:4      | Noticed seren's ghost (amateur OgTm)
  2914 | D:4      | Reached XP level 6. HP: 28/28 MP: 11/13
  2969 | D:4      | Killed a yak
  2987 | D:4      | Killed a yak
  2987 | D:4      | Reached XP level 7. HP: 32/32 MP: 4/14
  3021 | D:4      | Killed a yak
  3021 | D:4      | Reached skill level 5 in Short Blades
  3041 | D:4      | Killed a yak
  3057 | D:4      | Killed a yak
  3057 | D:4      | Reached XP level 8. HP: 13/36 MP: 3/15
  3187 | D:4      | Killed seren's ghost
  3218 | D:5      | Entered Level 5 of the Dungeon
  3219 | D:5      | Found a sand-covered staircase.
  3229 | D:5      | Reached skill level 5 in Earth Magic
  3236 | Ossuary  | Entered an ossuary
  3475 | Ossuary  | Reached skill level 5 in Transmutations
  3898 | Ossuary  | Learned a level 3 spell: Stone Arrow
  3906 | Ossuary  | Reached *** piety under Dithmenos
  3971 | Ossuary  | Reached skill level 5 in Spellcasting
  4337 | D:5      | Found a snail-covered altar of Cheibriados.
  4349 | D:5      | Reached XP level 9. HP: 39/39 MP: 10/18
  4427 | D:5      | Found Tacwir's General Store.
  4571 | D:5      | Reached skill level 6 in Spellcasting
  4591 | D:5      | Reached **** piety under Dithmenos
  4658 | D:5      | Found a staircase to the Ecumenical Temple.
  4769 | Temple   | Entered the Ecumenical Temple
  5652 | D:7      | Noticed Menkaure
  5653 | D:7      | Killed Menkaure
  5681 | D:7      | Found a burning altar of Makhleb.
  5681 | D:7      | Noticed a balrug
  5741 | D:7      | Found an opulent altar of Gozag.
  5831 | D:7      | Found a bloodstained altar of Trog.
  5862 | D:7      | Learned a level 1 spell: Confusing Touch
  5916 | D:7      | Reached skill level 7 in Spellcasting
  6017 | D:7      | Reached XP level 10. HP: 32/44 MP: 15/21
  6333 | D:7      | Noticed Joseph
  6342 | D:7      | Killed Joseph
  6560 | D:8      | Reached ***** piety under Dithmenos
  6650 | D:8      | Found Boesin's Weapon Shoppe.
  6657 | D:8      | Bought 8 stones for 10 gold pieces
  6657 | D:8      | Bought 17 stones for 22 gold pieces
  6657 | D:8      | Bought 15 stones for 19 gold pieces
  6732 | D:8      | Found an iron altar of Okawaru.
  6783 | D:8      | Found a shattered altar of Ashenzari.
  6817 | D:8      | Found a staircase to the Lair.
  6830 | D:8      | Reached skill level 10 in Short Blades
  7321 | D:9      | Reached skill level 8 in Spellcasting
  7322 | D:9      | Reached skill level 5 in Stealth
  7669 | D:9      | Noticed a five-headed hydra
  7675 | D:9      | Killed a five-headed hydra
  7719 | D:9      | Noticed a five-headed hydra
  7719 | D:9      | Noticed a glowing orange brain
  7722 | D:9      | Killed a glowing orange brain
  7722 | D:9      | Reached XP level 11. HP: 34/47 MP: 24/24
  7795 | D:9      | Killed a five-headed hydra
  7796 | D:9      | Noticed a deep elf knight
  7990 | D:9      | Killed a deep elf knight
  7990 | D:9      | Reached skill level 9 in Spellcasting
  8126 | D:9      | Reached skill level 10 in Earth Magic
  8355 | D:10     | Entered Level 10 of the Dungeon
  8484 | D:10     | Reached skill level 10 in Transmutations
  8799 | D:10     | Noticed Snorg
  8863 | D:10     | Killed Snorg
  9040 | D:10     | Noticed a two-headed ogre
  9041 | D:10     | Killed a two-headed ogre
  9304 | D:11     | Noticed a two-headed ogre
  9310 | D:11     | Killed a two-headed ogre
  9310 | D:11     | Reached ****** piety under Dithmenos
  9310 | D:11     | Reached skill level 10 in Spellcasting
  9398 | D:11     | Reached XP level 12. HP: 51/51 MP: 24/27
  9401 | D:11     | Found a labyrinth entrance.
  9408 | Lab      | Entered a labyrinth
  9556 | Lab      | Noticed a minotaur
  9604 | Lab      | Learned a level 2 spell: Blink
  9904 | Lab      | Killed a minotaur
  9914 | Lab      | Got a polished falchion
  9931 | D:11     | Learned a level 5 spell: Irradiate
  9987 | D:11     | Reached skill level 10 in Stealth
 10001 | D:11     | Noticed a two-headed ogre
 10002 | D:11     | Noticed Maurice
 10012 | D:11     | Killed a two-headed ogre
 10016 | D:11     | Killed Maurice
 10016 | D:11     | Reached skill level 11 in Spellcasting
 10330 | D:11     | Reached skill level 12 in Spellcasting
 10600 | D:12     | Noticed Frances
 10784 | D:12     | Found Hezifo's Distillery.
 10832 | D:12     | Reached skill level 13 in Spellcasting
 11008 | D:12     | Gained mutation: Your flesh is cold resistant. (rC+) [a neqoxec]
 11009 | D:12     | Killed Frances
 11021 | D:12     | Reached skill level 14 in Spellcasting
 11174 | D:12     | Found a staircase to the Orcish Mines.
 11189 | Orc:1    | Entered Level 1 of the Orcish Mines
 11654 | Orc:1    | Demolished by an orc warrior

Vault maps used:
D:1:      lordsloth_arrival_two_stooges
D:2:      kennysheep_generic_room_16, uniq_jessica
D:3:      grunt_temple_overflow_open, lemuel_crystal_altar,
          nemelex_xobeh_ov_fountains_minmay, first_ration, uniq_robin
D:4:      gammafunk_ghost_grave, hex_intersection
D:5:      cheibrodos_fertilizer, slow_altar_2, minmay_temple_entry_fiery,
          serial_shops, shop, nicolae_ossuary_entry_ruins,
          minmay_misc_feat_roman
D:7:      trog_ov_bears_minmay, grunt_gozag_statues, makhleb_altar_promises_db,
          uniq_joseph, uniq_menkaure
D:8:      kennysheep_mini, okawaru_gym_becter, grunt_lair_entry_orc_guard_hut,
          serial_shops, nicolae_shop_trees
D:9:      minmay_sliced_demisemicircle
D:10:     uniq_snorg
D:11:     lab_entry_generic, uniq_maurice
D:12:     david_orc_4, serial_shops, nicolae_shop_statue_plus, uniq_frances
Temple:   jpeg_temple_alley_garden
Orc:1:    orc_temple
Lab:      labyrinth_hidden_loot, nicolae_lab_stuck
Ossuary:  ossuary_tomb_2

Skill      XL: |  1  2  3  4  5  6  7  8  9 10 11 12 |
---------------+-------------------------------------+-----
Spellcasting   | 3 4 5 7 8 10 14 | 14.7
Earth Magic    | 3 4 6 7 9 11 | 11.1
Short Blades   | 3 4 7 8 9 10 | 10.0
Transmutations | 4 6 7 9 10 11 | 11.1
Stealth        | 6 9 10 | 10.1
Dodging        | |  3.0

Action                   |  1- 3 |  4- 6 |  7- 9 | 10-12 || total
-------------------------+-------+-------+-------+-------++-------
Melee: Dagger            |    13 |    70 |   108 |   259 ||   450
       Short sword       |       |     5 |       |       ||     5
 Cast: Sandblast         |    24 |    72 |   183 |   110 ||   389
       Passwall          |       |     2 |     3 |    33 ||    38
       Petrify           |       |     1 |     5 |    54 ||    60
       Lee's Rapid Decon |       |       |     3 |    41 ||    44
       Confusing Touch   |       |       |       |     1 ||     1
Invok: Shadow Step       |       |       |       |     1 ||     1
  Use: Scroll            |       |     1 |       |    25 ||    26
       Potion            |       |       |       |     6 ||     6
 Stab: Sleeping          |       |    14 |    12 |    51 ||    77
       Distracted        |       |       |     1 |     1 ||     2
       Petrifying        |       |       |     4 |    16 ||    20
       Petrified         |       |       |     2 |    33 ||    35
  Eat: Ration            |       |       |     3 |     6 ||     9
Armor: Robe              |     2 |     9 |    16 |     9 ||    36
       Steam dragon scal |       |       |       |    13 ||    13
Dodge: Dodged            |    20 |    77 |   127 |   184 ||   408

Table legend:
 A = Spawn XP
 B = Non-spawn XP
 C = Spawn XP percentage of total XP
 D = Spawn monster count
 E = Non-spawn monster count
 F = Spawn count percentage of total count
 G = Total turns spent on level
                    A         B        C        D         E        F      G
               +---------+---------+-------+---------+---------+-------+---------
         Total |       0 |   37548 |   0.0 |       0 |     414 |   0.0 | 11654
               +---------+---------+-------+---------+---------+-------+---------
           D:1 |       0 |      24 |   0.0 |       0 |      16 |   0.0 |   550
           D:2 |       0 |     114 |   0.0 |       0 |      35 |   0.0 |  1173
           D:3 |       0 |     152 |   0.0 |       0 |      19 |   0.0 |   733
           D:4 |       0 |    1467 |   0.0 |       0 |      15 |   0.0 |   762
           D:5 |       0 |    1558 |   0.0 |       0 |      31 |   0.0 |   826
           D:6 |       0 |     903 |   0.0 |       0 |      16 |   0.0 |   754
           D:7 |       0 |    1451 |   0.0 |       0 |      27 |   0.0 |   855
           D:8 |       0 |    1658 |   0.0 |       0 |      33 |   0.0 |   696
           D:9 |       0 |    6547 |   0.0 |       0 |      47 |   0.0 |  1152
          D:10 |       0 |    5038 |   0.0 |       0 |      40 |   0.0 |   942
          D:11 |       0 |    8196 |   0.0 |       0 |      47 |   0.0 |   788
          D:12 |       0 |    6348 |   0.0 |       0 |      32 |   0.0 |   596
         Orc:1 |       0 |    2442 |   0.0 |       0 |      23 |   0.0 |   465
           Lab |       0 |    1184 |   0.0 |       0 |       1 |   0.0 |   508
       Ossuary |       0 |     466 |   0.0 |       0 |      32 |   0.0 |   775
               +---------+---------+-------+---------+---------+-------+---------
